 Dungeon Crawl Stone Soup version 0.28-a0-627-g4e9751bbfc (webtiles) character file.

Game seed: 7343188250106864944

3968 nkrmnt the Covert (level 10, -2/44 HPs)
             Began as a Spriggan Enchanter on Oct 8, 2021.
             Was a Follower of Dithmenos.
             Slain by a gnoll sergeant (5 damage)
             ... while petrified by a basilisk
             ... on level 9 of the Dungeon.
             The game lasted 00:25:09 (12626 turns).

nkrmnt the Covert (Spriggan Enchanter)             Turns: 12626, Time: 00:25:09

Health: -2/44      AC:  4    Str:  7    XL:     10   Next: 2%
Magic:  12/23      EV:  4    Int: 22    God:    Dithmenos [*.....]
Gold:   233        SH:  0    Dex: 15    Spells: 9/26 levels left

rFire   . . .      SeeInvis +   p - +4 short sword
rCold   . . .      Faith    .   (shield restricted)
rNeg    + + +      Spirit   .   b - +0 robe
rPois   ∞          Reflect  .   i - +0 hat "Hiuff" {rCorr Int+4}
rElec   .          Harm     .   j - +1 cloak
rCorr   +          Rampage  .   (gloves unavailable)
Will    +....                   (boots unavailable)
Stlth   +++++.....              (no amulet)
HPRegen 0.14/turn               (no ring)
MPRegen 0.18/turn               (no ring)

@: petrified, wreathed by umbra, very quick
A: very small, no large weapons, unfitting armour, see invisible, speed 3
a: Renounce Religion


You were on level 9 of the Dungeon.
You worshipped Dithmenos.
Dithmenos was aware of your devotion.
You visited 2 branches of the dungeon, and saw 10 of its levels.

You collected 438 gold pieces.
You spent 205 gold pieces at shops.

Inventory:

Hand Weapons
 a - a +2 dagger
 o - a -1 quick blade
 p - a +4 short sword (weapon)
Armour
 b - a +0 robe (worn)
 i - the +0 hat "Hiuff" (worn) {rCorr Int+4}
   (You acquired it on level 3 of the Dungeon)

   Int:       It affects your intelligence (+4).
   rCorr:     It protects you from acid and corrosion.
 j - a +1 cloak (worn)
Jewellery
 g - a ring of flight
Wands
 c - a wand of mindburst (14)
 e - a wand of flame (12)
Scrolls
 h - 4 scrolls of magic mapping
 m - a scroll of teleportation
 n - 2 scrolls of identify
Potions
 d - 2 potions of haste
 f - a potion of cancellation
 k - 2 potions of attraction
 l - a potion of brilliance
 q - a potion of flight


   Skills:
 - Level 1.1 Short Blades
 - Level 2.6 Dodging
 - Level 10.4 Stealth
 - Level 8.8 Spellcasting
 - Level 9.2 Hexes
 + Level 2.9 Summonings
 - Level 7.0 Necromancy


You had 9 spell levels left.
You knew the following spells:

 Your Spells              Type           Power      Damage    Failure   Level
a - Ensorcelled Hibernat  Hex/Ice        58%        N/A       1%          2
b - Tukima's Dance        Hex            50%        N/A       1%          3
c - Dazzling Flash        Conj/Hex       58%        N/A       3%          3
d - Dispel Undead         Necr           40%        3d16      3%          4
e - Summon Mana Viper     Hex/Summ       36%        N/A       16%         5

Your spell library contained the following spells:

 Spells                   Type           Power      Damage    Failure   Level
 Confusing Touch          Hex            50%        N/A       1%          3
 Corpse Rot               Necr/Air       N/A        N/A       2%          2
 Inner Flame              Hex/Fire       29%        N/A       3%          3
 Foxfire                  Conj/Fire      36%        2x1d5     7%          1
 Sting                    Tmut/Pois      36%        1d4       7%          1
 Poisonous Vapours        Pois/Air       18%        N/A       11%         2
 Conjure Flame            Conj/Fire      9%         6-21      21%         3
 Summon Ice Beast         Ice/Summ       16%        N/A       36%         4
 Death Channel            Necr           20%        N/A       52%         6
 Flame Wave               Conj/Fire      9%         3d4       56%         4
 Olgreb's Toxic Radiance  Pois           9%         N/A       56%         4
 Monstrous Menagerie      Summ           11%        N/A       100%        7


Dungeon Overview and Level Annotations

Branches:
Dungeon (9/15)             Temple (1/1) D:6            Lair (0/6) D:8
    Orc: D:9-12

Altars:
Ashenzari
Dithmenos
Elyvilon
Fedhas
Hepliaklqana
Trog
Uskayaw
Wu Jian
Xom
Yredelemnul
Zin
The Shining One

Shops:
D:6 [   D:7 **


Innate Abilities, Weirdness & Mutations

You are very small and have problems with some larger weapons.
You are too small for most types of armour.
You have supernaturally acute eyesight. (SInv)
You cover ground extremely quickly. (Speed+++)


Message History

The basilisk gazes at you.
You are slowing down.
The gnoll sergeant closely misses you.
The centaur zombie barely misses you. x2
Unknown command.
Unknown command.
Unknown command.
Unknown command.
Unknown command.
Unknown command.
Unknown command.
Unknown command.
Casting: Dazzling Flash (dangerous; 3% risk of failure)
Confirm with . or Enter, or press ? or * to list all spells.
Casting: Dazzling Flash (dangerous; 3% risk of failure)
Press: ? - help, Dir - look around, f - activate The gnoll is dazzled. x2; The basilisk is dazzled.
The gnoll sergeant is dazzled.
The centaur zombie hits you but does no damage.
The centaur zombie barely misses you. The basilisk bites you!
The gnoll sergeant barely misses you. The centaur zombie misses you.
The centaur zombie kicks you but does no damage.
The gnoll sergeant hits you from afar with a +0 trident.
The basilisk gazes at you.
Your limbs have turned to stone.
You have turned to stone.
The centaur zombie hits you. The centaur zombie kicks you.
The gnoll hits you with a +0 whip!
* * * LOW HITPOINT WARNING * * *
The basilisk gazes at you. You resist with almost no effort.
The gnoll sergeant hits you from afar with a +0 trident!
* * * LOW HITPOINT WARNING * * *
The gnoll hits you with a +0 whip.
* * * LOW HITPOINT WARNING * * *
The centaur zombie barely misses you. The centaur zombie kicks you.
* * * LOW HITPOINT WARNING * * *
The gnoll closely misses you. The basilisk gazes at you.
You resist with almost no effort.
The gnoll sergeant hits you from afar with a +0 trident!
You die...

......'..........#..........
......#..........#..........
......#..........+..#######.
....>.####'##....#..#.....######
###.........######..#........<.#
#.................#..........#
#...#+#####.......#.........<#
#...# #....g..'..........# #...#
#..g@Z..#..........# .....#
#...)l..##.........# ......#
#...g)...#.........# ......#
#........##+####...# .......
............ ##### .8.....
#####......... #.........
#.........


You could see a basilisk (blind), a gnoll sergeant (blind), 2 gnolls and a
centaur zombie.

Vanquished Creatures
  2 wyverns
  4 yaks (D:7)
  A water moccasin (D:6)
  An acid dragon (D:8)
  An ice beast (D:8)
  2 orc warriors (D:8)
  3 ogres
  A lemure (D:8)
  3 centaurs
  2 phantoms
  4 bullfrogs
  A scorpion (D:6)
  A wyvern zombie (D:6)
  A water moccasin skeleton (D:5)
  5 wights
  A bullfrog zombie (D:6)
  A centaur skeleton (D:6)
  4 hounds
  2 jellies
  A bullfrog skeleton (D:5)
  2 iguanas
  2 orc wizards
  A killer bee zombie (D:6)
  A hound skeleton (D:4)
  A howler monkey zombie (D:7)
  A howler monkey skeleton (D:5)
  9 gnolls
  10 adders
  2 shadow imps
  2 white imps
  A worm (D:2)
  4 dart slugs
  21 orcs
  5 ball pythons
  6 bats
  8 endoplasms
  2 giant cockroaches
  4 goblins
  A hobgoblin (D:2)
  2 quokkas
  10 kobolds
  2 rats
  A spectral kobold (D:1)
139 creatures vanquished.

Vanquished Creatures (collateral kills)
  Pikel (D:8)
  A gnoll sergeant (D:6)
  3 wights
5 creatures vanquished.

Vanquished Creatures (others)
  A dancing weapon (D:8)
  5 toadstools (D:1)
6 creatures vanquished.

Grand Total: 150 creatures vanquished

Notes
Turn   | Place    | Note
-------+----------+-------------------------------------------
     0 | D:1      | nkrmnt the Spriggan Enchanter began the quest for the Orb.
     0 | D:1      | Reached XP level 1. HP: 9/9 MP: 5/5
   507 | D:1      | Reached XP level 2. HP: 12/13 MP: 7/7
   510 | D:1      | Learned a level 2 spell: Ensorcelled Hibernation
   549 | D:1      | Found a faded altar of an unknown god.
  1785 | D:2      | Reached XP level 3. HP: 16/16 MP: 9/9
  2267 | D:3      | Identified a scroll of acquirement
  2267 | D:3      | Acquired the +0 hat "Hiuff" {rCorr Int+4}
  2452 | D:3      | Reached XP level 4. HP: 15/21 MP: 11/11
  2617 | D:3      | Reached skill level 5 in Hexes
  3824 | D:4      | Reached XP level 5. HP: 14/24 MP: 3/13
  4005 | D:4      | Reached skill level 5 in Spellcasting
  4229 | D:4      | Found a shimmering altar of Xom.
  4490 | D:4      | Noticed a phantom
  4550 | D:3      | Learned a level 3 spell: Tukima's Dance
  4554 | D:3      | Learned a level 3 spell: Dazzling Flash
  4559 | D:3      | Learned a level 4 spell: Dispel Undead
  4599 | D:5      | Entered Level 5 of the Dungeon
  4635 | D:5      | Reached skill level 5 in Stealth
  4963 | D:5      | Reached XP level 6. HP: 28/28 MP: 11/15
  5256 | D:5      | Reached skill level 6 in Stealth
  6086 | D:6      | Found a staircase to the Ecumenical Temple.
  6094 | D:6      | Reached XP level 7. HP: 32/32 MP: 17/17
  6104 | Temple   | Entered the Ecumenical Temple
  6125 | Temple   | Became a worshipper of Dithmenos the Shadowed
  6160 | D:6      | Found Boun's Antique Armour Emporium.
  6608 | D:6      | Reached skill level 1 in Necromancy
  7822 | D:6      | Reached XP level 8. HP: 22/36 MP: 5/18
  7988 | D:6      | Reached skill level 5 in Necromancy
  8578 | D:7      | Reached skill level 7 in Stealth
  8593 | D:7      | Reached * piety under Dithmenos
  8656 | D:7      | Found Leis Pech's Lightly-Used Armoury.
  9455 | D:7      | Reached skill level 8 in Stealth
  9455 | D:7      | Reached XP level 9. HP: 38/39 MP: 1/20
  9614 | D:7      | Found Pompor's Assorted Antiques.
  9617 | D:7      | Bought a fuming grey potion for 20 gold pieces
  9617 | D:7      | Bought a scroll of identify for 46 gold pieces
  9617 | D:7      | Bought a scroll of identify for 46 gold pieces
  9617 | D:7      | Bought a scroll labelled MEET JAPELUE for 23 gold pieces
 10080 | D:7      | Bought a -2 quick blade for 70 gold pieces
 10093 | D:8      | Reached skill level 9 in Stealth
 10565 | D:8      | Noticed Pikel
 10590 | D:8      | Killed Pikel
 10591 | D:8      | Reached skill level 10 in Stealth
 10965 | D:8      | Found a staircase to the Lair.
 11193 | D:8      | Learned a level 5 spell: Summon Mana Viper
 11203 | D:8      | Reached skill level 1 in Summonings
 12467 | D:9      | Reached XP level 10. HP: 33/44 MP: 16/23
 12626 | D:9      | Slain by a gnoll sergeant

Illustrated notes

Levels and vault maps discovered:
D:1:      ldierk_walled_garden, layout_loops_cross,
          dreamdust_ecumenical_altar_drowned_temple
D:2:      layout_basic
D:3:      layout_loops_ring
D:4:      layout_basic, mainiacjoe_overflow_alcove_2, serial_co_window_serial,
          co_window_paths_a, co_window_corner_a, co_window_corner_a,
          co_window_paths_b, co_window_corner_a, co_window_broadway_b,
          co_window_unsneaky_path_d, co_window_paths_c,
          co_window_of_opportunity_b, co_window_4corner_b, co_window_sun,
          glass_columns_c, glass_columns_c, grunt_decor_cap
D:5:      layout_basic, chequers_serial_rivers_micro_e
D:6:      layout_cave_pods, minmay_temple_entry_tees, serial_shops,
          nicolae_take_the_stairs, grunt_potential
D:7:      layout_gridville, serial_shops, nicolae_shop_window_shopping,
          minmay_shop_damaged
D:8:      layout_basic, dpeg_oklobed_lair, uniq_pikel
D:9:      layout_irregular_city, serial_column_ruins, column_ruins_grid_4,
          column_ruins_grid_3, column_ruins_open_tiny_water,
          column_ruins_columns_straight, column_ruins_open_tiny
Temple:   nicolae_temple_the_god_donut

Skill      XL: |  1  2  3  4  5  6  7  8  9 |
---------------+----------------------------+-----
Spellcasting   | 3 4 5 6 7 8 |  8.8
Hexes          | 4 5 6 7 9 |  9.2
Stealth        | 5 6 8 10 | 10.4
Necromancy     | 4 6 7 |  7.0
Summonings     | 2 |  2.9
Short Blades   | |  1.1
Dodging        | |  2.6

Action                   |  1- 3 |  4- 6 |  7- 9 | 10-12 || total
-------------------------+-------+-------+-------+-------++-------
Melee: Dagger            |   115 |   115 |   158 |       ||   388
       Short sword       |       |       |    77 |     9 ||    86
 Cast: Ensorcelled Hiber |    18 |    45 |    54 |     2 ||   119
       Tukima's Dance    |       |       |    12 |       ||    12
       Dispel Undead     |       |       |     8 |       ||     8
       Dazzling Flash    |       |       |     8 |     3 ||    11
  Use: Scroll            |     7 |     4 |    10 |       ||    21
       Potion            |       |       |     7 |       ||     7
 Stab: Sleeping          |    17 |    32 |    39 |     1 ||    89
       Distracted        |     1 |       |       |       ||     1
       Invisible         |       |       |    13 |       ||    13
Armor: Robe              |    13 |    12 |    25 |     6 ||    56
Dodge: Dodged            |    68 |    82 |   228 |    21 ||   399

Table legend: (Time is in decaauts)
 A = Elapsed time spent in this place.
 B = Non-inter-level travel time spent in this place.
 C = Inter-level travel time spent in this place.
 D = Time resting spent in this place.
 E = Time spent auto-exploring this place.
 F = Levels seen in this place.
 G = Mean time per level.
                   A        B        C        D        E       F      G
               +--------+--------+--------+--------+--------+-----+--------+
         Total |  10003 |   9602 |    401 |   1281 |   6809 |  10 | 1000.3 |
       Dungeon |   9981 |   9587 |    394 |   1281 |   6807 |   9 | 1109.0 |
        Temple |     21 |     14 |      7 |      0 |      1 |   1 |   21.0 |
               +--------+--------+--------+--------+--------+-----+--------+

Top non-repeatable levels by time:
     D:6: 2073 daAuts
     D:5: 1348 daAuts
     D:8: 1270 daAuts
     D:1: 1158 daAuts
     D:7: 1118 daAuts
     D:3: 1069 daAuts
     D:4: 1064 daAuts
     D:2: 632 daAuts
     D:9: 245 daAuts
  Temple: 21 daAuts
